Map: Lightshade LE

Players

emctwo - Winner!

  • Race: Protoss Protoss
  • League: Master
  • Spawn Location: 11:00

PeeAndKeele

  • Race: Terran Terran
  • League: Master
  • Spawn Location: 5:00

VOD

Have the link to the VOD?

Description

Time

  • Played on: April 1, 2021, 9:05 p.m.
  • Length: 24:25
Show
View Real Time Build Order
Export as new Build Order

emctwo Protoss - Winner!

Build Orders: 1 Gate Expand 

Get SALT Encoding   

  12  0:00  Probe  
  13  0:12  Probe  
  14  0:17  Pylon  
  14  0:24  Probe (Chrono Boost)  
  15  0:36  Probe (Chrono Boost)  
  15  0:40  Gateway  
  16  0:44  Probe (Chrono Boost)  
  16  0:46  Assimilator  
  17  0:51  Probe  
  18  1:03  Probe  
  19  1:15  Probe  
  20  1:28  Cybernetics Core  
  20  1:35  Nexus  
  21  1:43  Zealot (Chrono Boost)  
  21  1:45  Assimilator  
  22  1:54  Pylon  
  22  1:57  Probe  
  23  2:08  Warp Gate  
  23  2:11  Adept (Chrono Boost)  
  23  2:12  Probe  
  26  2:24  Probe  
  27  2:34  Stalker  
  28  2:46  Probe  
  28  2:49  Shield Battery  
  29  2:53  Probe  
  29  2:58  Probe  
  31  3:05  Robotics Facility  
  31  3:07  Probe, Gateway  
  31  3:10  Probe  
  33  3:22  Probe x2  
  35  3:33  Gateway  
  35  3:37  Pylon  
  35  3:44  Probe  
  36  3:51  Probe  
  36  3:56  Probe (Chrono Boost)  
  37  4:03  Probe (Chrono Boost)  
  37  4:05  Immortal (Chrono Boost)  
  37  4:08  Probe (Chrono Boost)  
  43  4:12  Sentry  
  43  4:14  Probe (Chrono Boost)  
  43  4:15  Probe (Chrono Boost)  
  47  4:22  Probe x2  
  49  4:25  Stalker  
  49  4:31  Shield Battery  
  51  4:34  Probe  
  51  4:35  Probe  
  53  4:40  Pylon  
  53  4:46  Probe  
  53  4:47  Pylon  
  54  4:58  Stalker x2  
  54  4:59  Stalker  
  60  5:03  Twilight Council  
  60  5:04  Observer  
  61  5:08  Probe x2  
  61  5:11  Assimilator  
  63  5:28  Stalker x2  
  63  5:29  Stalker  
  63  5:32  Pylon  
  69  5:36  Pylon  
  69  5:37  Observer, Blink (Chrono Boost)  
  70  5:50  Probe  
  70  5:54  Nexus  
  70  5:55  Stalker x2  
  75  5:57  Pylon  
  71  6:18  Probe x2  
  73  6:22  Stalker x3, Shield Battery  
  79  6:30  Probe x2  
  81  6:34  Forge  
  81  6:39  Observer  
  82  6:42  Probe x2  
  82  6:45  Pylon  
  84  6:49  Sentry x2  
  84  6:53  Stalker  
  90  6:54  Probe  
  90  6:57  Observer  
  91  7:07  Probe x2  
  91  7:12  Shield Battery  
  91  7:14  Photon Cannon  
  91  7:17  Photon Cannon  
  91  7:18  Pylon  
  91  7:25  Observer  
  91  7:26  Probe (Chrono Boost)  
  95  7:31  Probe (Chrono Boost)  
  95  7:32  Probe (Chrono Boost)  
  95  7:33  Protoss Ground Weapons Level 1 (Chrono Boost)  
  95  7:34  Assimilator  
  95  7:36  Gateway  
  95  7:38  Stalker x3, Probe (Chrono Boost), Gateway  
  95  7:39  Probe (Chrono Boost)  
  95  7:40  Probe (Chrono Boost)  
  95  7:41  Gateway  
  95  7:43  Charge  
  104  7:50  Probe  
  105  7:53  Probe x2  
  107  8:02  Probe  
  108  8:12  Stalker x3  
  110  8:28  Nexus  
  110  8:29  Pylon  
  110  8:35  Gateway  
  110  8:37  Gateway  
  110  8:41  Stalker x6  
  122  8:51  Shield Battery  
  122  8:52  Shield Battery  
  122  8:54  Photon Cannon  
  122  8:56  Pylon, Photon Cannon  
  118  9:09  Pylon  
  119  9:17  Observer  
  119  9:18  Stalker x6  
  121  9:41  Observer  
  121  9:43  Probe x3  
  121  9:45  Stalker x4  
  133  9:50  Assimilator  
  133  9:51  Assimilator  
  133  9:53  Probe  
  133  9:55  Probe x2  
  133  9:59  Protoss Ground Weapons Level 2 (Chrono Boost)  
  136  10:02  Photon Cannon  
  136  10:03  Photon Cannon  
  136  10:05  Stalker x2  
  140  10:09  Assimilator  
  140  10:11  Gateway  
  140  10:12  Gateway  
  140  10:13  Assimilator  
  140  10:14  Gateway  
  140  10:18  Observer (Chrono Boost)  
  140  10:20  Gateway  
  141  10:25  Zealot x2  
  141  10:26  Zealot x4  
  147  10:57  Observer  
  119  11:06  Zealot x8  
  119  11:10  Zealot x3  
  133  11:14  Forge  
  134  11:25  Observer (Chrono Boost)  
  134  11:31  Zealot  
  134  11:32  Zealot x11  
  156  11:43  Warp Prism (Chrono Boost)  
  156  11:44  Protoss Ground Armor Level 1 (Chrono Boost)  
  158  11:54  Templar Archives  
  158  11:57  Stalker x3, Dark Shrine  
  162  12:07  Nexus  
  162  12:08  Pylon  
  162  12:09  Stalker  
  162  12:10  Pylon  
  162  12:11  Pylon  
  160  12:22  Pylon, Stalker x2  
  164  12:28  Stalker x5  
  164  12:29  Stalker x2  
  177  12:40  Stalker x3  
  177  12:43  Photon Cannon  
  183  12:46  Shield Battery  
  179  13:17  Zealot x4  
  179  13:18  Zealot x6  
  173  13:33  Dark Templar x2  
  177  13:43  Zealot x10  
  177  13:46  Protoss Ground Weapons Level 3 (Chrono Boost), Protoss Ground Armor Level 2 (Chrono Boost)  
  197  13:51  Shadow Stride (Chrono Boost)  
  131  14:26  Stalker x4  
  131  14:27  Stalker x8  
  149  14:50  Zealot x3  
  155  14:54  Observer  
  155  14:55  Photon Cannon  
  155  14:58  Photon Cannon  
  147  15:01  Photon Cannon  
  147  15:02  Stalker  
  147  15:03  Stalker x2  
  147  15:05  Photon Cannon  
  151  15:26  High Templar  
  151  15:27  High Templar x5  
  151  15:28  High Templar x5  
  169  15:29  High Templar  
  169  15:30  Archon  
  169  15:31  Archon x3  
  169  15:32  Archon x2  
  174  15:59  Nexus  
  174  16:03  Nexus  
  174  16:06  Pylon x2  
  164  16:26  Stalker x4  
  164  16:27  Stalker x5  
  181  16:36  Photon Cannon, Shield Battery  
  181  16:37  Shield Battery  
  181  16:38  Pylon  
  179  17:00  Stalker x8  
  184  17:26  Stalker x5  
  184  17:27  Stalker x2  
  174  18:01  Stalker x6  
  174  18:02  Stalker  
  157  18:25  Dark Templar x2  
  157  18:26  Dark Templar x3  
  161  18:43  Nexus  
  161  18:45  Photon Cannon  
  161  18:47  Photon Cannon  
  166  18:48  Probe (Chrono Boost)  
  166  18:49  Probe x3 (Chrono Boost)  
  166  18:50  Probe x2 (Chrono Boost)  
  157  18:58  Probe x4 (Chrono Boost)  
  131  19:27  Probe x3  
  131  19:29  Photon Cannon  
  134  19:31  Photon Cannon  
  134  19:33  Dark Templar, Shield Battery  
  134  19:34  Zealot x5, Dark Templar  
  134  19:35  Zealot  
  134  19:36  Pylon  
  141  20:15  Stalker x3  
  141  20:16  Stalker x8  
  141  20:20  Probe (Chrono Boost)  
  141  20:21  Probe (Chrono Boost)  
  159  20:26  Probe x3 (Chrono Boost)  
  159  20:27  Probe (Chrono Boost)  
  159  20:29  Protoss Ground Armor Level 3 (Chrono Boost)  
  159  20:30  Probe x2 (Chrono Boost), Shield Battery  
  159  20:34  Probe (Chrono Boost)  
  162  20:39  Stalker x2  
  162  20:40  Stalker x5  
  149  21:20  Zealot x11  
  152  22:12  Stalker x2  
  152  22:13  Zealot x7, Stalker  
  152  22:14  Zealot  
  174  22:16  Probe  
  174  22:17  Probe x2  
  174  22:22  Probe x3  
  180  22:38  Gateway  
  180  22:40  Gateway  
  180  22:41  Gateway  
  180  22:44  Gateway  
  180  22:47  Pylon  
  180  22:49  Pylon  
  180  22:53  Photon Cannon  
  180  22:54  Shield Battery  
  180  22:57  Shield Battery  
  164  22:58  Photon Cannon  
  164  23:00  Pylon  
  164  23:04  Immortal  
  138  23:15  Stalker x3  
  138  23:16  Zealot x4  
  138  23:17  Zealot x2  
  154  23:23  Dark Templar x2  
  126  23:43  Stalker x3, Immortal  
  126  23:44  Stalker x6  
  141  24:03  Stalker x2  
  141  24:07  Stalker x4  
  141  24:08  Stalker x2  
Show
View Real Time Build Order
Export as new Build Order

PeeAndKeele Terran 

Build Orders: Mech 

Get SALT Encoding   

  12  0:00  SCV  
  13  0:13  SCV  
  14  0:18  Supply Depot  
  14  0:25  SCV  
  15  0:30  Refinery  
  15  0:41  SCV  
  16  0:48  Barracks  
  16  0:53  SCV  
  17  0:59  Refinery  
  17  1:05  SCV  
  18  1:17  SCV  
  19  1:35  Orbital Command  
  19  1:36  Reaper  
  20  1:41  Factory  
  20  2:01  Supply Depot  
  20  2:02  SCV  
  21  2:15  SCV  
  22  2:16  Bunker  
  22  2:38  Marine  
  22  2:40  SCV  
  22  2:41  Factory Tech Lab  
  24  2:52  SCV  
  25  2:58  Marine  
  26  3:11  SCV  
  27  3:17  Cyclone  
  27  3:18  Command Center  
  29  3:23  Supply Depot  
  29  3:25  Mag-Field Accelerator  
  29  3:29  SCV  
  29  3:44  SCV  
  29  3:49  Cyclone  
  32  4:04  SCV  
  33  4:10  Factory x2  
  33  4:14  Supply Depot  
  33  4:16  SCV  
  34  4:23  Cyclone  
  37  4:28  SCV  
  37  4:31  Orbital Command  
  38  4:32  Refinery  
  38  4:42  SCV  
  38  4:53  Factory Tech Lab  
  38  4:55  SCV  
  38  4:58  Factory Tech Lab  
  38  4:59  SCV  
  40  5:02  Refinery, Cyclone  
  43  5:10  SCV  
  44  5:15  Cyclone  
  47  5:23  Cyclone  
  47  5:25  SCV x2  
  52  5:36  Cyclone  
  52  5:37  SCV x2  
  52  5:40  Supply Depot  
  57  5:49  SCV x2  
  59  5:50  Cyclone  
  62  6:02  SCV x2, Supply Depot, Cyclone  
  67  6:09  Barracks  
  67  6:14  SCV  
  67  6:17  SCV  
  69  6:21  Cyclone  
  72  6:26  SCV  
  72  6:29  SCV  
  72  6:30  Command Center  
  74  6:35  Cyclone  
  74  6:38  SCV  
  78  6:42  SCV  
  79  6:50  SCV  
  83  6:54  SCV  
  84  7:02  SCV  
  84  7:06  SCV  
  84  7:08  Hellion  
  85  7:12  Supply Depot x2, Siege Tank  
  85  7:13  Siege Tank  
  85  7:15  SCV  
  89  7:16  Engineering Bay  
  89  7:18  SCV  
  90  7:27  SCV  
  91  7:30  Siege Tank  
  91  7:34  SCV  
  91  7:36  Supply Depot  
  95  7:42  Supply Depot  
  95  7:43  Orbital Command  
  95  7:45  Refinery  
  95  7:47  Refinery  
  95  7:55  SCV x2  
  95  7:56  Siege Tank x2  
  103  8:07  SCV x2  
  105  8:14  Siege Tank  
  105  8:19  SCV  
  109  8:27  SCV x2  
  109  8:32  Siege Tank x2  
  109  8:33  SCV, Starport x2  
  118  8:39  SCV x2  
  120  8:45  SCV  
  120  8:48  Siege Tank  
  124  8:51  SCV  
  124  8:54  Missile Turret  
  125  8:59  Command Center  
  125  9:00  Missile Turret x2  
  113  9:07  Siege Tank x2  
  119  9:14  Starport Tech Lab x2  
  119  9:18  Supply Depot  
  119  9:19  SCV x2, Fusion Core  
  119  9:20  Supply Depot  
  119  9:21  Missile Turret  
  119  9:22  Missile Turret  
  119  9:23  Missile Turret  
  119  9:24  SCV  
  122  9:31  SCV  
  120  9:39  Siege Tank  
  120  9:40  Siege Tank x2  
  129  9:48  SCV x2, Refinery  
  129  9:49  SCV  
  129  9:50  Refinery  
  132  9:53  Missile Turret  
  132  9:54  Command Center  
  132  9:56  Missile Turret  
  132  9:57  Armory  
  132  9:58  Armory  
  132  9:59  Missile Turret  
  132  10:02  SCV  
  132  10:04  Sensor Tower  
  135  10:09  Battlecruiser  
  139  10:15  Weapon Refit  
  139  10:16  Planetary Fortress  
  139  10:26  Battlecruiser  
  145  10:37  SCV x3  
  148  10:45  Siege Tank x3  
  148  10:46  Terran Ship Weapons Level 1, Terran Vehicle And Ship Armor Level 1  
  148  10:49  SCV  
  152  10:51  SCV x2  
  154  11:01  SCV  
  154  11:03  SCV x2  
  151  11:06  SCV x2  
  153  11:13  SCV  
  153  11:14  Battlecruiser  
  153  11:15  SCV x2  
  153  11:17  Starport x2  
  153  11:18  SCV x2  
  163  11:44  Battlecruiser  
  163  11:45  SCV, Siege Tank  
  172  11:55  Command Center  
  172  12:01  Starport Tech Lab x2  
  172  12:16  SCV x3, Siege Tank  
  172  12:20  Planetary Fortress  
  172  12:38  Supply Depot  
  172  12:39  Supply Depot  
  172  12:53  SCV x3, Siege Tank  
  172  12:57  Battlecruiser  
  172  13:00  Battlecruiser  
  172  13:01  Battlecruiser  
  172  13:04  SCV  
  172  13:05  SCV x3  
  182  13:08  Supply Depot, Refinery  
  182  13:11  Supply Depot  
  181  13:16  SCV  
  181  13:17  SCV x2  
  179  13:23  SCV, Factory Reactor  
  177  13:28  SCV  
  177  13:30  SCV x2  
  177  13:31  Missile Turret  
  177  13:33  Refinery  
  180  13:34  Sensor Tower  
  180  13:35  SCV  
  180  13:37  Command Center  
  180  13:41  Siege Tank x2  
  184  13:43  Missile Turret  
  184  13:44  SCV x3, Missile Turret x2  
  184  13:47  SCV, Missile Turret, Battlecruiser  
  187  13:53  Missile Turret  
  187  13:55  Missile Turret  
  187  14:01  SCV  
  187  14:02  SCV x3  
  179  14:10  Hellion x2  
  179  14:11  Battlecruiser  
  179  14:13  Hellion  
  179  14:14  SCV x2  
  177  14:19  Battlecruiser  
  169  14:34  Hellion x2, Siege Tank  
  169  14:35  SCV x4  
  180  14:46  Siege Tank, Missile Turret  
  180  14:47  Missile Turret  
  180  14:48  Missile Turret  
  180  14:50  Missile Turret  
  177  15:03  Battlecruiser  
  177  15:06  Hellion x3  
  189  15:19  Command Center  
  189  15:20  Battlecruiser  
  195  15:23  Hellion  
  195  15:27  Hellion  
  199  15:29  Missile Turret  
  199  15:34  Missile Turret  
  199  15:37  Planetary Fortress, Missile Turret  
  199  15:40  Command Center  
  193  15:55  Command Center  
  193  16:10  Battlecruiser  
  196  16:15  Terran Vehicle And Ship Armor Level 2, Terran Ship Weapons Level 2  
  191  16:27  Battlecruiser  
  191  16:31  Hellion x3  
  197  16:51  Missile Turret  
  197  16:53  Command Center  
  189  16:55  Battlecruiser  
  189  16:58  Siege Tank  
  200  17:16  Hellion  
  200  17:37  Sensor Tower  
  200  17:43  Refinery  
  200  17:49  Refinery  
  198  18:04  Battlecruiser  
  198  18:05  Battlecruiser  
  195  18:06  Planetary Fortress  
  181  18:14  Siege Tank x2  
  181  18:15  Hellion x2, Battlecruiser  
  191  18:22  Battlecruiser  
  197  18:52  Missile Turret  
  197  18:54  Missile Turret  
  189  18:55  Missile Turret  
  189  18:58  Missile Turret  
  189  19:04  Planetary Fortress  
  189  19:08  Planetary Fortress  
  168  19:22  Battlecruiser x2  
  168  19:23  Hellion x3  
  168  19:24  Hellion  
  181  19:38  Refinery  
  181  19:40  Refinery  
  181  19:44  Missile Turret  
  181  19:45  Missile Turret  
  181  19:53  Command Center  
  179  20:05  Command Center  
  178  20:14  Battlecruiser  
  184  20:37  Battlecruiser  
  184  20:38  Hellion x2  
  184  20:39  Terran Ship Weapons Level 3  
  192  20:52  Infernal Pre-Igniter  
  144  21:13  Siege Tank x2  
  144  21:23  Missile Turret  
  143  21:36  Hellion x2  
  136  21:40  SCV x5  
  103  22:17  Missile Turret  
  103  22:19  Planetary Fortress  
  103  22:20  Missile Turret  
  103  22:22  SCV x3  
  106  22:35  SCV  
  106  22:36  SCV x2  
  109  22:37  Refinery  
  109  22:42  Missile Turret x2  
  95  22:59  Siege Tank x2  
  91  23:10  SCV x2  
  94  23:16  Command Center  
  75  23:42  Siege Tank  
  58  23:58  SCV x3  
  58  23:59  SCV  
Tags
 
Composition
Mech
Matchup
PvT
Spawn Locations
Cross Positions
Add a new tag
Caveats
  • Supply blocks, unpowered buildings, or Contaminate may cause inaccurate times.
  • Supply counts are checked every 10 seconds.